| TOP OF THE 1ST |
|
Colorado (EL) Rockies batting - Pitching for Biloxi Shuckers : RHP Travis Bieberich
|
|
Pitching: RHP Travis Bieberich
|
|
|
Batting: RHB Bodil Hardenberg
|
0-0: Ball 1-0: Ground out 5-3 (Groundball, 56S, EV 61.9 MPH)
|
|
Batting: RHB Ernest Olkowicz
|
0-0: Swinging Strike 0-1: Fly out, F3 (Popup, 3D, EV 70.0 MPH)
|
|
Batting: RHB Henry Alvizo
|
0-0: Called Strike 0-1: Ball 1-1: Ball 2-1: Ball 3-1: Foul Ball, location: 2F 3-2: Base on Balls
|
|
Batting: LHB Zack Guillen
|
0-0: Called Strike 0-1: Called Strike 0-2: Foul Ball, location: 2F 0-2: Ball Wild Pitch! Henry Alvizo to second 1-2: Ball 2-2: Foul Ball, location: 2F 2-2: Strikes out looking
|
| Top of the 1st over - 0 runs, 0 hits, 0 errors, 1 left on base; Colorado (EL) 0 - Biloxi 0 |
| BOTTOM OF THE 1ST |
|
Biloxi Shuckers batting - Pitching for Colorado (EL) Rockies : LHP Yoshiya Yokoyama
|
|
Pitching: LHP Yoshiya Yokoyama
|
|
|
Batting: RHB Nick Cummings
|
0-0: Called Strike 0-1: Called Strike 0-2: Ball 1-2: Ground out U3 (Groundball, 3, EV 90.0 MPH)
|
|
Batting: RHB Cameron Rattenbury
|
0-0: Called Strike 0-1: Ball 1-1: Foul Ball, location: 2F 1-2: Ball 2-2: Strikes out swinging
|
|
Batting: LHB Pablo Cardona
|
0-0: Ball 1-0: Foul Ball, location: 2F 1-1: SINGLE (Line Drive, 89M, EV 108.1 MPH)
|
|
Batting: RHB John Freeman
|
0-0: Ball 1-0: Ball 2-0: Ball 3-0: Base on Balls Pablo Cardona to second
|
|
Batting: RHB Vinny Estrada
|
0-0: Swinging Strike 0-1: Called Strike 0-2: Ball 1-2: SINGLE (Line Drive, 4M, EV 100.6 MPH) Pablo Cardona to third John Freeman to second Runner from 3rd tries for Home, SAFE, throw by CF to home
|
|
Batting: RHB Steve Byerly
|
0-0: Swinging Strike 0-1: Ball 1-1: Ball 2-1: Fly out, F9 (Line Drive, 89M, EV 105.0 MPH)
|
| Bottom of the 1st over - 1 run, 2 hits, 0 errors, 2 left on base; Colorado (EL) 0 - Biloxi 1 |
| TOP OF THE 2ND |
|
Colorado (EL) Rockies batting - Pitching for Biloxi Shuckers : RHP Travis Bieberich
|
|
Batting: RHB Andy Solorzano
|
0-0: Ball 1-0: Called Strike 1-1: Foul Ball, location: 2F 1-2: Fly out, F9 (Flyball, 9LS, EV 90.6 MPH)
|
|
Batting: LHB Ryan Rodgers
|
0-0: Ball 1-0: Ball 2-0: Ball 3-0: Called Strike 3-1: Fly out, F9 (Flyball, 9S, EV 86.2 MPH)
|
|
Batting: RHB Max Schellekens
|
0-0: Swinging Strike 0-1: Ball 1-1: Fly out, F7 (Flyball, 78S, EV 88.1 MPH)
|
| Top of the 2nd over - 0 runs, 0 hits, 0 errors, 0 left on base; Colorado (EL) 0 - Biloxi 1 |
| BOTTOM OF THE 2ND |
|
Biloxi Shuckers batting - Pitching for Colorado (EL) Rockies : LHP Yoshiya Yokoyama
|
|
Batting: SHB Mike Williams
|
0-0: Called Strike 0-1: Ball 1-1: Foul Ball, location: 2F 1-2: Strikes out swinging
|
|
Batting: RHB Brian Landrum
|
0-0: Ball 1-0: Foul Ball, location: 2F 1-1: Ground out 6-3 (Groundball, 6, EV 85.0 MPH)
|
|
Batting: SHB Robert Sayer
|
0-0: Ball 1-0: Fly out, F4 (Flyball, 34D, EV 86.9 MPH)
|
| Bottom of the 2nd over - 0 runs, 0 hits, 0 errors, 0 left on base; Colorado (EL) 0 - Biloxi 1 |
| TOP OF THE 3RD |
|
Colorado (EL) Rockies batting - Pitching for Biloxi Shuckers : RHP Travis Bieberich
|
|
Batting: RHB Steve Waltenbery
|
0-0: Swinging Strike 0-1: Called Strike 0-2: Foul Ball, location: 2F 0-2: Ball 1-2: Ground out U3 (Groundball, 3S, EV 64.4 MPH)
|
|
Batting: LHB Elijah Black
|
0-0: Ball 1-0: Called Strike 1-1: Ball 2-1: Foul Ball, location: 2F 2-2: Ball 3-2: Foul Ball, location: 2F 3-2: Foul Ball, location: 2F 3-2: Foul Ball, location: 2F 3-2: SINGLE (Line Drive, 7LS, EV 103.1 MPH)
|
|
Batting: RHB Bodil Hardenberg
|
0-0: Called Strike Elijah Black steals 2nd base 0-1: Ball 1-1: Foul Ball, location: 2F 1-2: Ball 2-2: Fly out, F8 (Line Drive, 78M, EV 95.0 MPH)
|
|
Batting: RHB Ernest Olkowicz
|
0-0: Ball 1-0: Ground out 5-3 (Groundball, 56, EV 97.5 MPH)
|
| Top of the 3rd over - 0 runs, 1 hit, 0 errors, 1 left on base; Colorado (EL) 0 - Biloxi 1 |
| BOTTOM OF THE 3RD |
|
Biloxi Shuckers batting - Pitching for Colorado (EL) Rockies : LHP Yoshiya Yokoyama
|
|
Batting: RHB Nick Cummings
|
0-0: Ball 1-0: Ball 2-0: Ball 3-0: Base on Balls
|
|
Batting: RHB Cameron Rattenbury
|
Pickoff Throw to First - Out! 1-3 CS 0-0: Ball 1-0: Foul Ball, location: 2F 1-1: Foul Ball, location: 2F 1-2: Foul Ball, location: 2F 1-2: Ball 2-2: Strikes out looking
|
|
Batting: LHB Pablo Cardona
|
0-0: Ball 1-0: Swinging Strike 1-1: Called Strike 1-2: Ball 2-2: Foul Ball, location: 2F 2-2: Strikes out swinging
|
| Bottom of the 3rd over - 0 runs, 0 hits, 0 errors, 0 left on base; Colorado (EL) 0 - Biloxi 1 |
| TOP OF THE 4TH |
|
Colorado (EL) Rockies batting - Pitching for Biloxi Shuckers : RHP Travis Bieberich
|
|
Batting: RHB Henry Alvizo
|
0-0: Swinging Strike 0-1: Called Strike 0-2: Strikes out swinging
|
|
Batting: LHB Zack Guillen
|
0-0: Swinging Strike 0-1: Ball 1-1: Ball 2-1: Ball 3-1: Foul Ball, location: 2F 3-2: Foul Ball, location: 2F 3-2: Fly out, F4 (Line Drive, 4, EV 63.1 MPH)
|
|
Batting: RHB Andy Solorzano
|
0-0: Ball 1-0: Swinging Strike 1-1: Fly out, F9 (Flyball, 9S, EV 88.1 MPH)
|
| Top of the 4th over - 0 runs, 0 hits, 0 errors, 0 left on base; Colorado (EL) 0 - Biloxi 1 |
| BOTTOM OF THE 4TH |
|
Biloxi Shuckers batting - Pitching for Colorado (EL) Rockies : LHP Yoshiya Yokoyama
|
|
Batting: RHB John Freeman
|
0-0: Ground out 4-3 (Groundball, 34, EV 97.5 MPH)
|
|
Batting: RHB Vinny Estrada
|
0-0: Called Strike 0-1: Foul Ball, location: 2F 0-2: Strikes out swinging
|
|
Batting: RHB Steve Byerly
|
0-0: Ball 1-0: Fly out, F9 (Line Drive, 9, EV 91.2 MPH)
|
| Bottom of the 4th over - 0 runs, 0 hits, 0 errors, 0 left on base; Colorado (EL) 0 - Biloxi 1 |
| TOP OF THE 5TH |
|
Colorado (EL) Rockies batting - Pitching for Biloxi Shuckers : RHP Travis Bieberich
|
|
Batting: LHB Ryan Rodgers
|
0-0: Foul Ball, location: 2F 0-1: Ball 1-1: Swinging Strike 1-2: Ball 2-2: Ball 3-2: DOUBLE (Groundball, 3L, EV 103.1 MPH)
|
|
Batting: RHB Max Schellekens
|
0-0: Foul Ball, location: 2F 0-1: Ball 1-1: Ball 2-1: Foul Ball, location: 2F 2-2: SINGLE (Line Drive, 3D, EV 95.6 MPH) Ryan Rodgers to third
|
|
Batting: RHB Steve Waltenbery
|
0-0: Ball 1-0: Foul Ball, location: 2F 1-1: Called Strike 1-2: Strikes out swinging
|
|
Batting: LHB Elijah Black
|
0-0: Called Strike 0-1: Foul Ball, location: 2F 0-2: Ball 1-2: Ball 2-2: Grounds into double play, 4-6-3 (Groundball, 4, EV 97.5 MPH)
|
| Top of the 5th over - 0 runs, 2 hits, 0 errors, 1 left on base; Colorado (EL) 0 - Biloxi 1 |
| BOTTOM OF THE 5TH |
|
Biloxi Shuckers batting - Pitching for Colorado (EL) Rockies : LHP Yoshiya Yokoyama
|
|
Batting: SHB Mike Williams
|
0-0: Ball 1-0: DOUBLE (Line Drive, 9LS, EV 100.6 MPH)
|
|
Batting: RHB Brian Landrum
|
0-0: Ball 1-0: Fly out, F4 (Flyball, 4D, EV 90.0 MPH)
|
|
Batting: SHB Robert Sayer
|
0-0: Called Strike 0-1: Ground out 4-3 (Groundball, 4, EV 84.4 MPH) Mike Williams to third
|
|
Batting: RHB Nick Cummings
|
0-0: Foul Ball, location: 2F 0-1: Called Strike 0-2: Ground out 5-3 (Groundball, 56D, EV 82.5 MPH)
|
| Bottom of the 5th over - 0 runs, 1 hit, 0 errors, 1 left on base; Colorado (EL) 0 - Biloxi 1 |
| TOP OF THE 6TH |
|
Colorado (EL) Rockies batting - Pitching for Biloxi Shuckers : RHP Travis Bieberich
|
|
Batting: RHB Bodil Hardenberg
|
0-0: Ball 1-0: Foul Ball, location: 2F 1-1: Called Strike 1-2: Fly out, F4 (Line Drive, 4M, EV 71.2 MPH)
|
|
Pitching: RHP Eddie Becerra
|
|
|
Batting: RHB Ernest Olkowicz
|
0-0: Ball 1-0: Fly out, F7 (Flyball, 7, EV 91.9 MPH)
|
|
Batting: RHB Henry Alvizo
|
0-0: Called Strike 0-1: SOLO HOME RUN (Flyball, 7LD, EV 91.9 MPH), Distance : 334 ft
|
|
Batting: LHB Zack Guillen
|
0-0: Ball 1-0: Ball 2-0: Called Strike 2-1: SINGLE (Groundball, 34S, EV 66.2 MPH) (infield hit)
|
|
Batting: RHB Andy Solorzano
|
0-0: Ball 1-0: Foul Ball, location: 2F 1-1: Ball 2-1: Called Strike 2-2: Ball Wild Pitch! Zack Guillen to second 3-2: TRIPLE (Flyball, 89XD, EV 98.1 MPH) Zack Guillen scores
|
|
Batting: LHB Ryan Rodgers
|
0-0: Intentional Walk
|
|
Batting: RHB Max Schellekens
|
0-0: Called Strike 0-1: Called Strike 0-2: Ball 1-2: Ball 2-2: Ball 3-2: SINGLE (Groundball, 6MD, EV 98.8 MPH) Andy Solorzano scores Ryan Rodgers to second Ryan Rodgers to third
|
|
Batting: RHB Steve Waltenbery
|
0-0: Ball 1-0: Ball 2-0: Called Strike 2-1: Ball 3-1: Ground out 2-3 (Groundball, 15S, EV 66.2 MPH)
|
| Top of the 6th over - 3 runs, 4 hits, 0 errors, 2 left on base; Colorado (EL) 3 - Biloxi 1 |
| BOTTOM OF THE 6TH |
|
Biloxi Shuckers batting - Pitching for Colorado (EL) Rockies : LHP Yoshiya Yokoyama
|
|
Batting: RHB Cameron Rattenbury
|
0-0: Foul Ball, location: 2F 0-1: Fly out, F7 (Flyball, 7S, EV 71.2 MPH)
|
|
Batting: LHB Pablo Cardona
|
0-0: Called Strike 0-1: Swinging Strike 0-2: Foul Ball, location: 2F 0-2: Strikes out looking
|
|
Batting: RHB John Freeman
|
0-0: Ball 1-0: Ball 2-0: Ball 3-0: Called Strike 3-1: Fly out, F5 (Popup, 56, EV 62.5 MPH)
|
| Bottom of the 6th over - 0 runs, 0 hits, 0 errors, 0 left on base; Colorado (EL) 3 - Biloxi 1 |
| TOP OF THE 7TH |
|
Colorado (EL) Rockies batting - Pitching for Biloxi Shuckers : RHP Eddie Becerra
|
|
Pitching: LHP Trevor Sharp
|
|
|
Batting: LHB Elijah Black
|
0-0: Ball 1-0: Ball 2-0: Ground out 4-3 (Groundball, 4, EV 80.6 MPH)
|
|
Batting: RHB Bodil Hardenberg
|
0-0: Called Strike 0-1: Foul Ball, location: 2F 0-2: Strikes out swinging
|
|
Batting: RHB Ernest Olkowicz
|
0-0: Swinging Strike 0-1: Swinging Strike 0-2: Strikes out swinging
|
| Top of the 7th over - 0 runs, 0 hits, 0 errors, 0 left on base; Colorado (EL) 3 - Biloxi 1 |
| BOTTOM OF THE 7TH |
|
Biloxi Shuckers batting - Pitching for Colorado (EL) Rockies : LHP Yoshiya Yokoyama
|
|
Batting: RHB Vinny Estrada
|
0-0: Ball 1-0: Ball 2-0: Fly out, F9 (Flyball, 9D, EV 97.5 MPH)
|
|
Batting: RHB Steve Byerly
|
0-0: Ball 1-0: Ball 2-0: Called Strike 2-1: Foul Ball, location: 2F 2-2: Ball 3-2: Base on Balls
|
|
Batting: SHB Mike Williams
|
0-0: Called Strike 0-1: Ball 1-1: Ball 2-1: Fly out, F8 (Flyball, 8RXD, EV 101.9 MPH)
|
|
Batting: RHB Brian Landrum
|
0-0: Foul Ball, location: 2F 0-1: Ball 1-1: SINGLE (Groundball, 6MD, EV 85.0 MPH) (infield hit) Steve Byerly to second
|
|
Batting: SHB Robert Sayer
|
0-0: Ball 1-0: Called Strike 1-1: Ball 2-1: Ball 3-1: TRIPLE (Flyball, 89XD, EV 113.8 MPH) Steve Byerly scores Brian Landrum scores
|
|
Batting: RHB Nick Cummings
|
0-0: Ball 1-0: Called Strike 1-1: Fly out, F8 (Flyball, 8RM, EV 80.0 MPH)
|
| Bottom of the 7th over - 2 runs, 2 hits, 0 errors, 1 left on base; Colorado (EL) 3 - Biloxi 3 |
| TOP OF THE 8TH |
|
Colorado (EL) Rockies batting - Pitching for Biloxi Shuckers : LHP Trevor Sharp
|
|
Pitching: RHP Elijah Seabrooks
|
|
|
Batting: RHB Henry Alvizo
|
0-0: Ball 1-0: Foul Ball, location: 2F 1-1: Ball 2-1: Foul Ball, location: 2F 2-2: Ball 3-2: Foul Ball, location: 2F 3-2: SINGLE (Flyball, 89S, EV 96.2 MPH)
|
|
Pitching: LHP Billy Rojas
|
|
|
Pinch Hitting: RHB Justin Pellman
|
0-0: Ball 1-0: Foul Ball, location: 2F 1-1: Grounds into double play, 6-4-3 (Groundball, 6M, EV 81.9 MPH)
|
|
Batting: RHB Andy Solorzano
|
0-0: Ball 1-0: Ball 2-0: Ball 3-0: Called Strike 3-1: SINGLE (Groundball, 4S, EV 75.0 MPH) (infield hit)
|
|
Batting: LHB Ryan Rodgers
|
0-0: Called Strike 0-1: Called Strike 0-2: Ball 1-2: Foul Ball, location: 2F 1-2: Ball 2-2: Foul Ball, location: 2F 2-2: Ball 3-2: Reached on error, E3 (Groundball, 3L, EV 87.5 MPH) Andy Solorzano to second
|
|
Batting: RHB Max Schellekens
|
0-0: Called Strike 0-1: Called Strike 0-2: Ball 1-2: Ball 2-2: Strikes out swinging
|
| Top of the 8th over - 0 runs, 2 hits, 1 error, 2 left on base; Colorado (EL) 3 - Biloxi 3 |
| BOTTOM OF THE 8TH |
|
Biloxi Shuckers batting - Pitching for Colorado (EL) Rockies : LHP Yoshiya Yokoyama
|
|
Now in RF: Justin Pellman
|
|
|
Batting: RHB Cameron Rattenbury
|
0-0: Ball 1-0: Foul Ball, location: 2F 1-1: Fly out, F9 (Flyball, 89S, EV 87.5 MPH)
|
|
Pinch Hitting: RHB Matthew Adams
|
0-0: Ground out 3-1 (Groundball, 34S, EV 85.6 MPH)
|
|
Batting: RHB John Freeman
|
0-0: Ball 1-0: Foul Ball, location: 2F 1-1: Foul Ball, location: 2F 1-2: Foul Ball, location: 2F 1-2: Strikes out looking
|
| Bottom of the 8th over - 0 runs, 0 hits, 0 errors, 0 left on base; Colorado (EL) 3 - Biloxi 3 |
| TOP OF THE 9TH |
|
Colorado (EL) Rockies batting - Pitching for Biloxi Shuckers : LHP Billy Rojas
|
|
Pitching: RHP Matysh Ekmalyan
|
|
|
Now in LF: Matthew Adams
|
|
|
Pinch Hitting: SHB Pete Perla
|
0-0: SINGLE (Groundball, 56D, EV 96.9 MPH)
|
|
Batting: LHB Elijah Black
|
0-0: Ball 1-0: Ball 2-0: Called Strike 2-1: Called Strike Pete Perla steals 2nd base 2-2: Foul Ball, location: 2F 2-2: DOUBLE (Flyball, 8RXD, EV 90.6 MPH) Pete Perla scores
|
|
Batting: RHB Bodil Hardenberg
|
0-0: Ball 1-0: Foul Ball, location: 2F 1-1: Swinging Strike 1-2: Foul Ball, location: 2F 1-2: Foul Ball, location: 2F 1-2: Strikes out swinging
|
|
Batting: RHB Ernest Olkowicz
|
0-0: Ball 1-0: Foul Ball, location: 2F 1-1: Foul Ball, location: 2F 1-2: Ball 2-2: Foul Ball, location: 2F 2-2: Fly out, F9 (Flyball, 9S, EV 80.6 MPH)
|
|
Batting: RHB Henry Alvizo
|
0-0: Intentional Walk
|
|
Batting: RHB Justin Pellman
|
0-0: SINGLE (Groundball, P, EV 82.5 MPH) (infield hit) Elijah Black to third Henry Alvizo to second
|
|
Batting: RHB Andy Solorzano
|
0-0: Ball 1-0: Ball 2-0: Ball 3-0: Foul Ball, location: 2F 3-1: Base on Balls Elijah Black scores Henry Alvizo to third Justin Pellman to second
|
|
Batting: LHB Ryan Rodgers
|
0-0: Called Strike 0-1: Ground out 6-3 (Groundball, 56D, EV 107.5 MPH)
|
| Top of the 9th over - 2 runs, 3 hits, 0 errors, 3 left on base; Colorado (EL) 5 - Biloxi 3 |
| BOTTOM OF THE 9TH |
|
Biloxi Shuckers batting - Pitching for Colorado (EL) Rockies : LHP Yoshiya Yokoyama
|
|
Pitching: RHP Luis Castillo
|
|
|
Now at 2B: Henry Alvizo
|
|
|
Now at SS: Pete Perla
|
|
|
Batting: RHB Vinny Estrada
|
0-0: Ball 1-0: Ball 2-0: Called Strike 2-1: Ground out U3 (Groundball, 3S, EV 83.8 MPH)
|
|
Batting: RHB Steve Byerly
|
0-0: Swinging Strike 0-1: Ball 1-1: Called Strike 1-2: Ball 2-2: Ball 3-2: Foul Ball, location: 2F 3-2: Fly out, F3 (Popup, 3F, EV 81.2 MPH)
|
|
Batting: SHB Mike Williams
|
0-0: Foul Ball, location: 2F 0-1: Swinging Strike 0-2: Ball 1-2: Ball 2-2: Ground out 1-3 (Groundball, 23, EV 76.9 MPH)
|
| Bottom of the 9th over - 0 runs, 0 hits, 0 errors, 0 left on base; Colorado (EL) 5 - Biloxi 3 |
|